 Dungeon Crawl Stone Soup version 0.23.2-1-ga50397a (webtiles) character file.

Game seed: 9490779507080458106

189 doot the Distorting Demonspawn (level 5, 0/42 HPs)
             Began as a Demonspawn Abyssal Knight on May 12, 2019.
             Was a Believer of Lugonu.
             Succumbed to a scorpion's poison
             ... on level 4 of the Dungeon.
             The game lasted 00:08:05 (3615 turns).

doot the Distorting Demonspawn (DsAK)               Turns: 3615, Time: 00:08:06

Health: 0/42       AC:  8    Str: 11 (12) XL:     5   Next: 40%
Magic:  0/8        EV:  5    Int: 12 (13) God:    Lugonu [**....]
Gold:   68         SH:  0    Dex: 13 (14) Spells: 4/4 levels left

rFire    . . .     SeeInvis +   a - +1 falchion
rCold    . . .     Gourm    .   (no shield)
rNeg     . . .     Faith    .   i - +0 chain mail
rPois    .         Spirit   +   (helmet restricted)
rElec    .         Reflect  .   (no cloak)
rCorr    .         Harm     .   (no gloves)
MR       .....                  (no boots)
Stlth    ..........             e - amulet of guardian spirit
HPRegen  0.14/turn              m - ring of flight (curse)
MPRegen  0.11/turn              j - ring of see invisible

@: lethally poisoned (0 -> -10)
A: antennae 2, claws 1
a: Depart the Abyss, Bend Space, Renounce Religion, Evoke Flight


You were on level 4 of the Dungeon.
You worshipped Lugonu.
Lugonu was pleased with you.
You were not hungry.

You visited 1 branch of the dungeon, and saw 4 of its levels.
You visited the Abyss 1 time.

You collected 68 gold pieces.

Inventory:

Hand Weapons
 a - a +1 falchion (weapon)
Armour
 b - a +0 leather armour
 i - a +0 chain mail (worn)
Jewellery
 e - an amulet of guardian spirit (around neck)
 f - an uncursed ring of wizardry
 j - a ring of see invisible (right claw)
 m - a cursed ring of flight (left claw)
Wands
 p - a wand of digging (7)
Scrolls
 d - 9 scrolls of identify
 g - 2 scrolls of remove curse {unknown}
 k - 2 scrolls of enchant weapon {unknown}
 o - a scroll of teleportation
Comestibles
 c - 6 rations


   Skills:
 + Level 3.9 Fighting
 + Level 3.2 Long Blades
 + Level 2.6 Armour
 + Level 1.3 Dodging
 * Level 4.0 Invocations


You had 4 spell levels left.
You didn't know any spells.
Your spell library was empty.

Dungeon Overview and Level Annotations

Branches:
Dungeon (4/15)
 Temple: D:4-7

Altars:

Annotations:
D:2 Natasha


Innate Abilities, Weirdness & Mutations

You have a pair of antennae on your head.
You have sharp fingernails.


Message History

The scorpion is moderately wounded.
* * * LOW HITPOINT WARNING * * *
You feel sick. The scorpion stings you!
* * * LOW HITPOINT WARNING * * *
An orc comes into view. It is wielding a -2 mace.
Unknown command.
Okay, then.
You hit the scorpion.
The scorpion is heavily wounded.
* * * LOW HITPOINT WARNING * * *
You feel sick. The giant cockroach bites you.
* * * LOW HITPOINT WARNING * * *
The scorpion barely misses you.
You riposte.
Your chain mail prevents you from hitting the scorpion.
The scorpion is heavily wounded.
Unknown command.
Unknown command.
You hit the scorpion.
The scorpion is almost dead.
You die...

#...##.# #.# #.!...
#......# #.# ..#P#
#...######.###≈PP≈##
###........≈PP≈≈≈≈.#
#######.P≈≈P♣♣≈≈
#..PP♣♣ #.P≈≈♣
##s≈♣♣♣ #@≈s≈♣
##sP≈P≈P≈ ##≈P..P..
#PP..#. ......
...... ######


So≈ You could see a scorpion, an adder, an orc and 2 giant cockroaches.

Vanquished Creatures
  A worker ant (D:4)
  Natasha (D:2)
  6 adders
  An ooze (D:1)
  2 dart slugs
  4 leopard geckos
  An orc (D:3)
  9 bats
  3 giant cockroaches
  2 goblins (D:3)
  6 hobgoblins
  8 jackals
  3 quokkas
  3 ball pythons
  4 frilled lizards
  7 kobolds
  12 rats
73 creatures vanquished.

Vanquished Creatures (others)
  A plant (D:4)
1 creature vanquished.

Grand Total: 74 creatures vanquished

Notes
Turn   | Place    | Note
-------+----------+-------------------------------------------
     0 | Abyss:1  | doot the Demonspawn Abyssal Knight began the quest for the
                  | Orb.
     0 | Abyss:1  | Reached XP level 1. HP: 18/18 MP: 2/2
    47 | Abyss:1  | Noticed a smoke demon
    57 | Abyss:1  | Found a corrupted altar of Lugonu.
    67 | D:1      | Escaped the Abyss
   332 | D:1      | Reached * piety under Lugonu
   352 | D:1      | Gained mutation: You have a pair of small antennae on your
                  | head. [demonic ancestry]
   352 | D:1      | Reached XP level 2. HP: 16/24 MP: 3/3
   691 | D:1      | Gained mutation: You have a pair of antennae on your head.
                  | [demonic ancestry]
   691 | D:1      | Reached XP level 3. HP: 22/30 MP: 2/4
  1765 | D:2      | Noticed Natasha
  1784 | D:2      | Killed Natasha
  1784 | D:2      | Reached skill level 1 in Dodging
  1784 | D:2      | Reached skill level 3 in Invocations
  1784 | D:2      | Reached XP level 4. HP: 16/37 MP: 3/6
  1802 | D:2      | Noticed Natasha
  2091 | D:2      | Reached ** piety under Lugonu
  2905 | D:3      | Gained mutation: You have sharp fingernails. [demonic
                  | ancestry]
  2905 | D:3      | Reached XP level 5. HP: 40/42 MP: 5/7
  3368 | D:4      | Reached skill level 4 in Invocations
  3614 | D:4      | HP: 2/42 [poisoned by a scorpion]
  3615 | D:4      | Succumbed to a scorpion's poison

Skill      XL: |  1  2  3  4  5 |
---------------+----------------+-----
Long Blades    | 2 3 |  3.2
Armour         | 2 |  2.6
Dodging        | 1 |  1.3
Invocations    | 3 4 |  4.0
Fighting       | |  3.9

Action                   |  1- 3 |  4- 6 || total
-------------------------+-------+-------++-------
Melee: Falchion          |   132 |   151 ||   283
Invok: Depart the Abyss  |     1 |       ||     1
 Abil: Evoke Flight      |       |     2 ||     2
  Use: Scroll            |     2 |     1 ||     3
       Potion            |       |     2 ||     2
  Eat: Chunk             |     3 |     6 ||     9
Armor: Leather armour    |    14 |       ||    14
       Chain mail        |    70 |   128 ||   198
Dodge: Dodged            |    56 |    44 ||   100
       Rpst.: Falchion   |    18 |    15 ||    33
